 Dungeon Crawl Stone Soup version 0.20-a0-940-g1ecfa5a (webtiles) character file.

28 tarabluh the Conjurer (level 2, 0/15 HPs)
             Began as a Deep Elf Conjurer on Mar 30, 2017.
             Slain by Terence
             ... wielding a +0 hand axe
              (3 damage)
             ... on level 2 of the Dungeon.
             The game lasted 00:05:42 (1432 turns).

tarabluh the Conjurer (Deep Elf Conjurer)           Turns: 1432, Time: 00:05:43

Health: 0/15       AC:  2    Str:  5    XL:     2   Next: 96%
Magic:  0/8        EV: 13    Int: 19    God:
Gold:   109        SH:  0    Dex: 15    Spells: 5/8 levels left

rFire    . . .     SeeInvis .   p - +4 short sword
rCold    . . .     Gourm    .   (no shield)
rNeg     . . .     Faith    .   a - +0 robe
rPois    .         Spirit   .   (no helmet)
rElec    .         Reflect  .   (no cloak)
rCorr    .         Harm     .   (no gloves)
MR       .....                  (no boots)
Stlth    ++........             (no amulet)
Regen    0.1/turn               (no ring)
MPRegen  0.2/turn               (no ring)

@: no status effects
A: no striking features
a: no special abilities


You were on level 2 of the Dungeon.
You were hungry.

You visited 1 branch of the dungeon, and saw 2 of its levels.

You collected 109 gold pieces.

Inventory:

Hand Weapons
 p - a +4 short sword (weapon)
Armour
 a - a +0 robe (worn)
 k - a +0 cloak
 o - a +0 buckler
Scrolls
 d - a scroll of blinking {unknown}
 j - a scroll of enchant armour {unknown}
 l - 2 scrolls of identify {unknown}
 m - a scroll of enchant weapon {unknown}
 n - a scroll of teleportation {unknown}
 q - 2 scrolls of fear {unknown}
 r - a scroll of immolation {unknown}
 s - a scroll of magic mapping {unknown}
Potions
 e - a potion of agility {unknown}
 f - a potion of heal wounds {unknown}
 g - a potion of curing {unknown}
Books
 b - a book of Conjurations

   Spells                             Type                      Level
   a - Magic Dart                     Conjuration                  1
   b - Searing Ray                    Conjuration                  2
   c - Dazzling Spray                 Conjuration/Hexes            3
   d - Fulminant Prism                Conjuration/Hexes            4
   e - Force Lance                    Conjuration/Translocation    4
   f - Iskenderun's Mystic Blast      Conjuration                  4
Comestibles
 c - 2 bread rations
 h - 2 meat rations
 i - 2 royal jellies
 t - a chunk of flesh


   Skills:
 - Level 2.4 Dodging
 - Level 2.4 Stealth
 + Level 3.5 Spellcasting
 * Level 5.2 Conjurations


You had 5 spell levels left.
You knew the following spells:

 Your Spells              Type           Power        Failure   Level  Hunger
a - Magic Dart            Conj           ###.         1%          1    None
b - Searing Ray           Conj           ###...       2%          2    ##.....


Dungeon Overview and Level Annotations

Branches:
Dungeon (2/15)

Altars:

Annotations:
D:2 Terence


Message History

The searing ray misses Terence.
Terence hits you with a hand axe.
* * * LOW HITPOINT WARNING * * *
The searing ray hits Terence.
Terence is heavily wounded.
You finish channeling your searing ray.
Casting: Searing Ray
Confirm with . or Enter, or press ? or * to list all spells.
Aiming: Searing Ray
Press: ? - help, Shift-Dir - straight line, f/p - Terence
Aim: Terence, wielding a hand axe and wearing a chain mail (heavily wounded)
The searing ray misses Terence. (Press . to maintain the ray.) Terence closely misses you.
The searing ray hits Terence.
Terence is severely wounded.
Terence closely misses you.
You hit Terence but do no damage.
Terence is severely wounded.
Terence hits you with a hand axe.
You die...

#.#.#.#..# #........#
#.#.#.#..# #........#
###.#.#.#..#
#..........# ####
##.....####.# #..#
#####...........# ###..#
######..@@......######
##...# #.......#####.###
...#.####.......# #.#
#.......#.......#####.#
..#.#.#.#†.......).##.##
..........########.##..#
..#.#.#...# #.....#
#.........# #.#.#.#
#.#.#.#.#.# #.....#


You could see Terence.

Vanquished Creatures
  An adder (D:2)
  3 bats (D:1)
  A giant cockroach (D:2)
  2 goblins
  6 hobgoblins
  A kobold (D:1)
  A ball python (D:1)
  2 rats (D:1)
17 creatures vanquished.

Notes
Turn   | Place    | Note
-------+----------+-------------------------------------------
     0 | D:1      | tarabluh the Deep Elf Conjurer began the quest for the Orb.
     0 | D:1      | Reached XP level 1. HP: 10/10 MP: 6/6
   540 | D:1      | Reached XP level 2. HP: 15/15 MP: 6/8
  1110 | D:1      | Reached skill level 5 in Conjurations
  1274 | D:2      | Learned a level 2 spell: Searing Ray
  1416 | D:2      | Noticed Terence
  1432 | D:2      | Slain by Terence

Vault maps used:
D:1:      sevenhm_arrival_forest_fort_small_4, hangedman_decor_points,
          serial_bayou_crossing
D:2:      serial_glass, glass_columns_a, glass_columns_a, glass_columns_b,
          glass_columns_b, glass_columns_a, glass_columns_b, feat_on_display,
          due_unseen_surprise, uniq_terence

Skill      XL: |  1  2 |
---------------+-------+-----
Conjurations   | 5 |  5.2
Dodging        | |  2.4
Stealth        | |  2.4
Spellcasting   | |  3.5

Action                   || total
-------------------------++-------
Melee: Short sword       ||    19
 Cast: Magic Dart        ||    17
       Searing Ray       ||     3
 Stab: Sleeping          ||     3
  Eat: Chunk             ||     1
Dodge: Dodged            ||     7
